cohdb
Replays
Latest Replays
All Replays
Popular Replays
Top Player Replays
Match Explorer
How It Works
Community
CoH3 Stats
Reddit
Sign in to upload your games and track your stats! →
Sign in with Steam
Match 45448190
Unlisted
Match 45448190
Overview
Messages
Build Orders
End
Construct Section Command Post
Dingo Light Scout Car
Selects Heavy Armor Battlegroup
Vickers Machine Gun Team
Royal Engineer Section
Royal Engineer Section
Selects Rigorous Vehicle Training
Construct Platoon Command Post
6-pounder Anti-tank Gun Team
Selects Forward Repair Assembly
Selects Light Vehicle Withdraw and Refit
6-pounder Anti-tank Gun Team
Construct Company Command Post
Selects Forward Repair Assembly
Crusader II Medium Tank
Crusader II Medium Tank
Foot Guards Section
Foot Guards Section
Foot Guards Section
Infantry Training
Selects Churchill Black Prince Heavy Tank
Churchill Black Prince Heavy Tank
Selects Radio Net
Armored Vehicle Training
CMP 15cwt Truck
Chubbybro
Henk
water
Hirys it's Irys
bnuygrl
Tobis
Le rat Madan
Pat216
0
0
Comments
sign in to comment!
No comments posted yet!